Map: Inside and Out

Players

LunaSea - Winner!

  • Race: Protoss Protoss
  • Spawn Location: 1:00

PattyMac

  • Race: Protoss Protoss
  • Spawn Location: 7:00

Event: DreamHack SC2 Masters 2022 Atlanta (Offline)

VOD

Have the link to the VOD?

Description

Time

  • Played on: Nov. 18, 2022, 11:27 a.m.
  • Length: 11:17

All games in this series

Show
View Real Time Build Order
Export as new Build Order

LunaSea Protoss - Winner!

Build Orders: Oracle Opening 

Get SALT Encoding   

  12  0:00  Probe  
  13  0:12  Probe  
  14  0:17  Pylon  
  14  0:24  Probe (Chrono Boost)  
  15  0:36  Probe (Chrono Boost)  
  15  0:37  Gateway  
  16  0:45  Probe (Chrono Boost)  
  16  0:47  Assimilator  
  17  0:51  Probe  
  18  1:03  Probe  
  19  1:04  Assimilator  
  19  1:07  Pylon  
  19  1:15  Probe  
  20  1:25  Cybernetics Core  
  20  1:27  Probe  
  21  1:35  Zealot  
  21  1:39  Probe  
  24  1:51  Probe  
  25  1:59  Stalker (Chrono Boost)  
  25  2:05  Stargate  
  27  2:11  Probe  
  28  2:24  Probe  
  29  2:32  Nexus  
  29  2:34  Warp Gate  
  29  2:42  Shield Battery  
  30  2:57  Pylon  
  29  3:02  Probe  
  30  3:13  Oracle (Chrono Boost), Pylon  
  30  3:14  Probe  
  30  3:18  Shield Battery  
  32  3:23  Stalker  
  34  3:28  Probe  
  34  3:41  Probe  
  34  3:42  Twilight Council  
  34  3:46  Probe  
  36  3:53  Probe  
  37  3:55  Stalker  
  39  4:03  Probe  
  39  4:06  Probe  
  41  4:15  Probe  
  42  4:18  Probe  
  42  4:19  Gateway  
  42  4:22  Dark Shrine  
  43  4:27  Probe  
  43  4:29  Shield Battery  
  44  4:33  Pylon  
  44  4:35  Sentry  
  45  4:41  Probe  
  45  4:43  Probe  
  47  4:46  Blink (Chrono Boost)  
  47  4:54  Probe  
  47  4:55  Probe  
  45  5:06  Probe (Chrono Boost)  
  47  5:07  Probe (Chrono Boost)  
  47  5:09  Stalker  
  49  5:16  Probe x2 (Chrono Boost)  
  49  5:17  Stalker  
  49  5:21  Probe x2 (Chrono Boost)  
  55  5:32  Probe  
  55  5:33  Probe  
  57  5:36  Dark Templar  
  57  5:39  Nexus  
  57  5:41  Dark Templar  
  61  5:44  Probe  
  61  5:45  Assimilator  
  61  5:48  Pylon  
  62  6:06  Gateway, Probe x2  
  62  6:07  Gateway  
  62  6:10  Pylon  
  62  6:15  Stalker x2  
  62  6:18  Probe x2  
  66  6:28  Forge  
  66  6:30  Probe  
  67  6:35  Probe  
  67  6:39  Dark Templar  
  70  6:43  Dark Templar  
  73  6:47  Shield Battery, Probe  
  71  7:03  Stalker x2  
  74  7:11  Stalker  
  74  7:12  Probe x2  
  69  7:15  Dark Templar  
  69  7:18  Probe  
  69  7:21  Stalker  
  74  7:33  Probe  
  74  7:34  Robotics Facility  
  74  7:35  Probe x2, Assimilator  
  75  7:37  Assimilator  
  75  7:46  Probe  
  75  7:47  Probe x2  
  75  7:50  Dark Templar  
  80  7:54  Charge (Chrono Boost)  
  80  7:58  Probe, Pylon  
  77  7:59  Probe  
  77  8:00  Zealot x3  
  77  8:03  Gateway  
  77  8:04  Gateway  
  84  8:06  Gateway  
  84  8:07  Gateway  
  84  8:08  Pylon  
  84  8:16  Probe x3  
  84  8:17  Photon Cannon  
  85  8:28  Probe  
  85  8:29  Dark Templar  
  85  8:34  Dark Templar  
  88  8:38  Zealot x2  
  88  8:39  Probe x2  
  88  8:40  Probe, Pylon  
  93  8:53  Protoss Ground Weapons Level 1 (Chrono Boost)  
  91  8:58  Pylon  
  89  9:03  Zealot x5  
  99  9:12  Zealot  
  99  9:13  Nexus, Zealot x2  
  105  9:19  Observer  
  106  9:24  Gateway, Pylon  
  106  9:25  Gateway  
  106  9:31  Dark Templar x2  
  106  9:34  Zealot  
  111  9:54  Nexus  
  111  9:55  Zealot x3  
  117  10:01  Probe  
  117  10:06  Zealot  
  116  10:09  Pylon  
  116  10:12  Observer (Chrono Boost)  
  111  10:15  Pylon  
  111  10:16  Pylon  
  111  10:20  Zealot x3  
  117  10:26  Pylon  
  117  10:27  Pylon  
  117  10:29  Pylon  
  117  10:30  Dark Templar x2  
  121  10:35  Pylon  
  121  10:36  Zealot x5  
  122  10:50  Dark Templar x3  
  122  10:51  Dark Templar  
  126  10:57  Stalker x2  
  126  10:58  Stalker x2  
  130  11:04  Probe  
  130  11:05  Zealot x2  
Show
View Real Time Build Order
Export as new Build Order

PattyMac Protoss 

Build Orders: Oracle Opening 

Get SALT Encoding   

  12  0:00  Probe  
  13  0:12  Probe  
  14  0:17  Pylon  
  14  0:24  Probe (Chrono Boost)  
  15  0:36  Probe (Chrono Boost)  
  15  0:37  Gateway  
  16  0:45  Probe (Chrono Boost)  
  16  0:46  Assimilator  
  17  0:51  Probe  
  17  0:55  Assimilator  
  18  1:03  Probe (Chrono Boost)  
  19  1:10  Pylon  
  19  1:13  Probe (Chrono Boost)  
  19  1:18  Probe (Chrono Boost)  
  21  1:28  Cybernetics Core  
  21  1:30  Probe  
  22  1:33  Zealot  
  24  1:42  Probe  
  25  1:54  Probe  
  26  2:07  Nexus  
  26  2:18  Stargate  
  26  2:21  Stalker (Chrono Boost)  
  26  2:27  Probe  
  26  2:29  Warp Gate  
  28  2:36  Pylon  
  28  2:40  Probe  
  29  2:47  Stalker  
  31  3:06  Oracle (Chrono Boost)  
  31  3:08  Shield Battery  
  32  3:15  Probe (Chrono Boost)  
  33  3:20  Probe (Chrono Boost)  
  33  3:24  Twilight Council  
  34  3:33  Probe (Chrono Boost)  
  34  3:34  Gateway, Probe (Chrono Boost)  
  36  3:41  Probe  
  36  3:44  Probe  
  38  3:53  Probe  
  38  3:54  Pylon  
  39  3:56  Probe  
  39  3:57  Gateway  
  40  4:05  Probe  
  41  4:13  Blink (Chrono Boost)  
  41  4:18  Probe  
  41  4:19  Probe  
  41  4:21  Stalker  
  45  4:28  Stalker  
  45  4:30  Probe  
  48  4:32  Probe  
  49  4:43  Probe  
  50  4:47  Nexus  
  50  4:49  Probe  
  51  4:53  Pylon  
  51  5:00  Probe  
  51  5:03  Robotics Facility  
  51  5:05  Assimilator  
  52  5:09  Stalker  
  52  5:11  Stalker  
  52  5:12  Probe  
  57  5:17  Pylon  
  57  5:20  Stalker  
  56  5:28  Probe  
  56  5:29  Pylon  
  57  5:37  Stalker x2  
  57  5:40  Shield Battery  
  57  5:42  Probe  
  62  5:43  Probe  
  62  5:48  Pylon  
  62  5:51  Observer (Chrono Boost)  
  58  5:58  Probe  
  55  6:10  Probe, Stalker  
  55  6:11  Probe  
  59  6:20  Stalker x2  
  59  6:22  Probe  
  59  6:25  Probe  
  65  6:28  Probe  
  65  6:32  Observer (Chrono Boost)  
  67  6:34  Probe  
  67  6:37  Probe  
  69  6:40  Probe  
  69  6:44  Stalker x2  
  69  6:47  Probe  
  75  6:51  Probe  
  75  6:53  Probe  
  76  6:59  Probe, Stalker  
  72  7:03  Probe  
  72  7:12  Probe  
  71  7:19  Probe  
  71  7:20  Probe  
  71  7:24  Probe  
  70  7:31  Probe  
  70  7:32  Probe  
  70  7:36  Probe  
  72  7:49  Stalker x2  
  72  7:50  Probe  
  77  7:56  Probe  
  79  8:05  Gateway  
  78  8:09  Stalker  
  80  8:14  Probe (Chrono Boost)  
  80  8:19  Probe (Chrono Boost)  
  83  8:25  Probe (Chrono Boost)  
  83  8:26  Probe (Chrono Boost)  
  84  8:28  Stalker x2  
  84  8:29  Probe (Chrono Boost)  
  89  8:34  Gateway, Probe  
  89  8:38  Stalker  
  92  8:53  Stalker x2  
  92  8:55  Probe  
  94  9:02  Probe x2  
  94  9:07  Probe  
  95  9:10  Nexus  
  95  9:11  Forge  
  95  9:14  Observer (Chrono Boost), Pylon  
  96  9:19  Charge (Chrono Boost), Stalker x2  
  96  9:22  Probe  
  101  9:25  Probe  
  101  9:29  Probe  
  103  9:34  Probe  
  104  9:38  Gateway  
  104  9:40  Probe  
  104  9:41  Forge  
  103  9:47  Forge  
  103  9:48  Stalker  
  103  9:50  Pylon  
  103  9:52  Stalker  
  106  9:58  Stalker  
  102  10:00  Stalker  
  102  10:30  Photon Cannon  
  102  10:40  Robotics Bay  
  102  10:44  Nexus  
  102  10:47  Dark Shrine  
  102  10:52  Stalker  
  102  10:54  Zealot x4  
  99  11:04  Zealot  
  91  11:13  Pylon  
  91  11:14  Zealot x4  
Tags
 
Add a new tag
Caveats
  • Supply blocks, unpowered buildings, or Contaminate may cause inaccurate times.
  • Supply counts are checked every 10 seconds.